 Dungeon Crawl Stone Soup version 0.28.0-53-g5a82cb258f (webtiles) character file.

Game seed: 16465567755437887547

240 Gabide the Chopper (level 5, -1/43 HPs)
             Began as a Palentonga Monk on May 27, 2022.
             Was a Follower of Uskayaw.
             Slain by a gnoll
             ... wielding a +0 flail
              (3 damage)
             ... on level 4 of the Dungeon.
             The game lasted 00:05:36 (3057 turns).

Gabide the Chopper (Palentonga Monk)                Turns: 3057, Time: 00:05:37

Health: -1/43      AC: 11    Str: 16    XL:     5   Next: 80%
Magic:  2/5        EV: 10    Int: 11    God:    Uskayaw [*.....]
Gold:   30         SH:  0    Dex: 12    Spells: 4/4 levels left

rFire   . . .      SeeInvis +   a - +0 hand axe
rCold   . . .      Faith    .   (no shield)
rNeg    . . .      Spirit   .   b - +0 robe
rPois   +          Reflect  .   f - +0 helmet
rElec   .          Harm     .   (no cloak)
rCorr   .          Rampage  .   r - +1 Delatra's gloves {ID++}
Will    .....                   (no barding)
Stlth   ++........              (no amulet)
HPRegen 0.14/turn               k - +4 ring of protection
MPRegen 0.09/turn               l - ring of poison resistance

@: no status effects
A: large, rugged brown scales 3, see invisible, deformed body, roll 1, armoured
tail
a: Rolling Charge, Renounce Religion, Stomp


You were on level 4 of the Dungeon.
You worshipped Uskayaw.
Uskayaw was noncommittal.
You visited 1 branch of the dungeon, and saw 4 of its levels.

You collected 150 gold pieces.
You spent 120 gold pieces at shops.

Inventory:

Hand Weapons
 a - a +0 hand axe (weapon)
Armour
 b - a +0 robe (worn)
 e - a +0 pair of gloves
 f - a +0 helmet (worn)
 r - the +1 Delatra's gloves (worn) {ID++}
   (You bought it in a shop on level 3 of the Dungeon)

   It heals its wearer when they drink unknown potions.
   It restores its wearer's MP when they read unknown scrolls.
Jewellery
 k - a +4 ring of protection (left hand)
 l - a ring of poison resistance (right hand)
 q - a ring of fire
Wands
 n - a wand of flame (14)
Scrolls
 d - a scroll of fog {unknown}
 g - a scroll of magic mapping {unknown}
 j - a scroll of vulnerability {unknown}
 p - a scroll of blinking {unknown}
Potions
 c - 2 potions of curing {unknown}
 h - a potion of flight {unknown}
 i - 3 potions of brilliance {unknown}
 m - a potion of cancellation {unknown}
 o - 3 potions of might


   Skills:
 - Level 3.0 Fighting
 + Level 6.4 Axes
 - Level 2.5 Dodging
 - Level 1.5 Stealth


You had 4 spell levels left.
You didn't know any spells.
Your spell library contained the following spells:

 Spells                   Type           Power      Damage    Failure   Level
 Ensorcelled Hibernation  Hex/Ice        0%         N/A       47%         2
 Spider Form              Tmut/Pois      0%         N/A       71%         3
 Anguish                  Hex/Necr       0%         N/A       98%         4


Dungeon Overview and Level Annotations

Branches:
Dungeon (4/15)
 Temple: D:4-7

Altars:
Uskayaw

Shops:
D:3 [


Innate Abilities, Weirdness & Mutations

You are completely covered in rugged brown scales. (AC +3, +7% HP)
You have supernaturally acute eyesight. (SInv)
Armour fits poorly on your strangely shaped body.
You can roll at nearby foes to attack.
You have a long armoured tail.


Message History

The gnoll barely misses you. The gnoll hits you but does no damage.
The gnoll hits you from afar with a +0 spear.
The gnoll barely misses you.
You can no longer pass through a line of other dancers.
You are too injured to fight recklessly!
There are monsters nearby!
Roll where?
Press: ? - help, Q - select action, (/) - cycle Dir - move target, f - gnoll, p - gnoll
Aim: a gnoll, wielding a +0 spear (fast)
You roll forward with a clatter of scales!
You hit the gnoll. You tail-slap the gnoll.
The gnoll is moderately wounded.
You barely miss the gnoll. You closely miss the ball python.
The gnoll hits you but does no damage. The ball python completely misses you.
The gnoll hits you but does no damage.
You can now pass through a line of other dancers.
Okay, then.
The gnoll hits you but does no damage. The gnoll barely misses you.
The gnoll closely misses you. The gnoll hits you with a +0 flail!
* * * LOW HITPOINT WARNING * * *
The gnoll hits you from afar with a +0 spear.
* * * LOW HITPOINT WARNING * * *
The gnoll hits you but does no damage.
Things that are here:
a +0 club; a goblin corpse The gnoll hits you from afar with a +0 spear.
* * * LOW HITPOINT WARNING * * *
The gnoll hits you but does no damage. The gnoll barely misses you.
The gnoll hits you with a +0 flail.
* * * LOW HITPOINT WARNING * * *
The gnoll barely misses you.
The gnoll shaman calls upon its god to heal the gnoll.
The gnoll's wounds heal themselves!
The gnoll hits you with a +0 flail.
* * * LOW HITPOINT WARNING * * *
You can no longer pass through a line of other dancers.
There is a stone staircase leading up here.
The gnoll hits you but does no damage. The gnoll hits you with a +0 flail.
You die...

##. .. ##.## #...#
#...# #...######
#####........#
.##.......@....#..
.........g........
#.....JggS...#.#
####..)♣g♣...#
###..(..##..#
#.....♣g♣#♣.#
♣#♣#♣.♣.♣.......#
#.........♣.♣#♣##
♣.......♣####


You could see a gnoll shaman, 4 gnolls, an endoplasm and a ball python.

Vanquished Creatures
  A scorpion (D:3)
  Ijyb (D:3)
  5 gnolls
  2 adders (D:2)
  A worm (D:3)
  2 dart slugs
  7 orcs (D:3)
  6 bats
  5 endoplasms (D:1)
  2 giant cockroaches
  3 goblins
  10 hobgoblins
  2 jackals (D:2)
  4 quokkas
  6 ball pythons
  3 frilled lizards
  7 kobolds
  6 rats
73 creatures vanquished.

Notes
Turn   | Place    | Note
-------+----------+-------------------------------------------
     0 | D:1      | Gabide the Palentonga Monk began the quest for the Orb.
     0 | D:1      | Reached XP level 1. HP: 19/19 MP: 1/1
   109 | D:1      | Reached XP level 2. HP: 22/25 MP: 2/2
   469 | D:1      | Reached XP level 3. HP: 31/31 MP: 3/3
   635 | D:2      | Reached skill level 4 in Axes
  1021 | D:2      | Found a faded altar of an unknown god.
  1090 | D:2      | Prayed at the altar of an unknown god.
  1090 | D:2      | Became a worshipper of Uskayaw the Reveller
  1090 | D:2      | Reached * piety under Uskayaw
  1090 | D:2      | Reached ** piety under Uskayaw
  1211 | D:2      | Reached XP level 4. HP: 34/37 MP: 4/4
  1745 | D:3      | Noticed Ijyb
  1767 | D:3      | Killed Ijyb
  1768 | D:3      | Reached skill level 5 in Axes
  1810 | D:3      | Reached *** piety under Uskayaw
  1983 | D:3      | Reached XP level 5. HP: 43/43 MP: 5/5
  2697 | D:3      | Reached skill level 6 in Axes
  2964 | D:3      | Found Hoh Maol's Armour Shop.
  2975 | D:3      | Bought the +1 Delatra's gloves {ID++} for 120 gold pieces
  2975 | D:3      | Found the +1 Delatra's gloves {ID++}
  3056 | D:4      | HP: 2/43 [gnoll/+0 flail (4)]
  3057 | D:4      | Slain by a gnoll

Illustrated notes

Levels and vault maps discovered:
D:1:      minmay_arrival_glassed_features, layout_rooms, minmay_pentomino_s2
D:2:      layout_basic, ebering_ecumenical_altar_petrified
D:3:      layout_loops_ring, serial_shops, shop, uniq_ijyb
D:4:      layout_loops_cross, lemuel_round_altar, general_overflow_altar,
          serial_forest, infiniplex_forest_zigzag_1,
          infiniplex_forest_lined_corner, infiniplex_forest_lined_ring,
          infiniplex_forest_end_1, infiniplex_forest_lined_room_3,
          infiniplex_forest_clump_C, infiniplex_forest_lined_corner,
          minmay_misc_feat_cross, minmay_diced_spiral

Skill      XL: |  1  2  3  4  5 |
---------------+----------------+-----
Axes           | 4 5 6 |  6.4
Fighting       | |  3.0
Dodging        | |  2.5
Stealth        | |  1.5

Action                   |  1- 3 |  4- 6 || total
-------------------------+-------+-------++-------
Melee: Hand axe          |   115 |   152 ||   267
       Tailslap          |    11 |    23 ||    34
       Punch             |       |     3 ||     3
Invok: Line Pass         |       |     1 ||     1
 Abil: Rolling Charge    |    38 |    21 ||    59
 Stab: Sleeping          |     2 |       ||     2
       Paralysed         |       |     2 ||     2
       Confused          |       |     1 ||     1
Armor: Robe              |    48 |    69 ||   117
Dodge: Dodged            |    39 |    66 ||   105
